 Dungeon Crawl Stone Soup version 0.27.1-3-gb3d3a73c9e (webtiles) character file.

Game seed: 8537542576849646780

17299 Crownlay the Geomancer (level 12, -9/88 HPs)
             Began as a Deep Dwarf Necromancer on Oct 19, 2021.
             Was an Elder of Kikubaaqudgha.
             Mangled by a seven-headed hydra (11 damage)
             ... on level 11 of the Dungeon.
             The game lasted 01:22:25 (16096 turns).

Crownlay the Geomancer (Deep Dwarf Necromancer)    Turns: 16096, Time: 01:22:26

Health: -9/88      AC:  9    Str: 11    XL:     12   Next: 17%
Magic:  22/30 (21) EV: 12    Int: 20    God:    Kikubaaqudgha [****..]
Gold:   658        SH:  5    Dex: 13    Spells: 6/27 levels left

rFire    . . .     SeeInvis .   w - +2 whip (flame)
rCold    . . .     Faith    .   K - +0 buckler
rNeg     . . .     Spirit   .   H - +0 steam dragon scales
rPois    .         Reflect  .   l - +0 helmet
rElec    .         Harm     .   (no cloak)
rCorr    .         Rampage  .   (no gloves)
Will     +....     Rnd*Tele +   c - +2 pair of boots
Stlth    +++.......             (no amulet)
HPRegen  0.00/turn              b - ring of magical power
MPRegen  0.22/turn              v - ring of flight

@: flying
A: damage resistance, heal wounds, sense surroundings 2, no regeneration,
teleportitis 1, weak 1, evolution 1
a: Heal Wounds, Renounce Religion, Receive Corpses


You were on level 11 of the Dungeon.
You worshipped Kikubaaqudgha.
Kikubaaqudgha was greatly pleased with you.
You visited 2 branches of the dungeon, and saw 12 of its levels.

You collected 802 gold pieces.
You spent 144 gold pieces at shops.

Inventory:

Hand Weapons
 w - a +2 whip of flaming (weapon)
 D - a +0 long sword of holy wrath
Missiles
 g - 114 stones
 i - 71 poisoned darts
 t - 3 curare-tipped darts
Armour
 c - a +2 pair of boots (worn)
 l - a +0 helmet (worn)
 E - a +2 kite shield
 H - +0 steam dragon scales (worn)
 K - a +0 buckler (worn)
Magical Staves
 F - a staff of air
Jewellery
 b - a ring of magical power (left hand)
 d - a +4 ring of evasion
 o - a ring of ice
 v - a ring of flight (right hand)
 M - a ring of ice
Wands
 n - a wand of polymorph (10)
 B - a wand of iceblast (34)
 G - a wand of flame (49)
Scrolls
 a - a scroll of holy word
 e - 4 scrolls of teleportation
 h - a scroll of fear {unknown}
 p - 2 scrolls of magic mapping
 s - 6 scrolls of fog
 y - 2 scrolls of noise
 C - 2 scrolls of vulnerability
 I - a scroll of acquirement {unknown}
Potions
 f - 4 potions of lignification
 j - 4 potions of curing
 k - 4 potions of degeneration
 m - a potion of mutation
 q - 2 potions of attraction
 r - a potion of berserk rage {unknown}
 u - a potion of flight {unknown}
 x - 6 potions of ambrosia
 z - a potion of magic {unknown}
 A - a potion of might {unknown}
 L - 2 potions of heal wounds {unknown}


   Skills:
 - Level 2.1 Dodging
 - Level 5.0 Stealth
 - Level 4.0 Shields
 - Level 8.0 Spellcasting
 + Level 12.2 Necromancy
 - Level 14.0 Earth Magic
 - Level 10.0 Evocations


You had 6 spell levels left.
You knew the following spells:

 Your Spells              Type           Power      Damage    Failure   Level
a - Pain                  Necr           100%       1d9       1%          1
b - Vampiric Draining     Necr           27%        2d9       1%          3
c - Animate Dead          Necr           27%        N/A       1%          4
d - Sandblast             Erth           100%       2d20      1%          1
e - Lee's Rapid Deconstr  Erth           29%        3d16*     1%          5
f - Stone Arrow           Conj/Erth      72%        3d11      1%          3
g - Dispel Undead         Necr           54%        3d20      1%          4

Your spell library contained the following spells:

 Spells                   Type           Power      Damage    Failure   Level
 Animate Skeleton         Necr           100%       N/A       1%          1
 Passwall                 Tmut/Erth      30%        N/A       1%          2
 Sublimation of Blood     Necr           27%        N/A       1%          2
 Agony                    Necr           54%        N/A       1%          5
 Borgnjor's Vile Clutch   Necr/Erth      28%        N/A       1%          5
 Excruciating Wounds      Necr           27%        N/A       1%          5
 Shock                    Conj/Air       32%        1d5       9%          1
 Ensorcelled Hibernation  Hex/Ice        16%        N/A       13%         2
 Ignite Poison            Fire/Tmut/Pois 8%         N/A       26%         3
 Inner Flame              Hex/Fire       8%         N/A       26%         3
 Mephitic Cloud           Conj/Pois/Air  8%         N/A       26%         3
 Spider Form              Tmut/Pois      4%         N/A       26%         3
 Swiftness                Air            8%         N/A       26%         3
 Bolt of Magma            Conj/Fire/Erth 13%        4d8       34%         5
 Airstrike                Air            4%         N/A       63%         4
 Cause Fear               Hex            4%         N/A       63%         4
 Simulacrum               Ice/Necr       16%        N/A       71%         6
 Shadow Creatures         Summ           N/A        N/A       100%        6
 Borgnjor's Revivificati  Necr           27%        N/A       98%         8
 Discord                  Hex            4%         N/A       100%        8
 Necromutation            Tmut/Necr      16%        N/A       100%        8
 Death's Door             Necr           27%        N/A       100%        9
 Shatter                  Erth           29%        3d24*     100%        9


Dungeon Overview and Level Annotations

Branches:
Dungeon (11/15)            Temple (1/1) D:4            Lair (0/6) D:11
    Orc (0/2) D:11

Altars:
Ashenzari
Cheibriados
Dithmenos
Elyvilon
Fedhas
Gozag
Hepliaklqana
Kikubaaqudgha
Makhleb
Nemelex Xobeh
Okawaru
Qazlal
Ru
Sif Muna
Trog
Uskayaw
Vehumet
Wu Jian
Xom
Yredelemnul
Zin
The Shining One

Shops:
D:8 *   D:11 *

Annotations:
D:8 3 runed translucent doors, PanSaczeczos's ghost, novice VSCj; othur's ghost, novice GrFi
D:11 exclusion: 2 oklob plants


Innate Abilities, Weirdness & Mutations

You are resistant to damage.
You can heal yourself by infusing magical energy.
You passively map the area around you.
You do not regenerate.
You are occasionally teleported next to monsters.
You are weak. (Str -2)
You evolve.


Message History

Okay, then.
Casting: Pain (safe; 1% risk of failure)
Confirm with . or Enter, or press ? or * to list all spells.
Aiming: Sandblast (safe; 1% risk of failure)
Press: ? - help, Shift-Dir - straight line, f/p - seven-headed hydra
Aim: a seven-headed hydra (water, moderately wounded, 94% to hit)
Okay, then.
Casting: Sandblast (safe; 1% risk of failure)
Confirm with . or Enter, or press ? or * to list all spells.
Aiming: Vampiric Draining (safe; 1% risk of failure)
Press: ? - help, Shift-Dir - straight line, f/p - seven-headed hydra
Aim: a seven-headed hydra (water, moderately wounded)
You draw life force from the seven-headed hydra.
You feel life coursing into your body. The seven-headed hydra bites you! x3
* * * LOW HITPOINT WARNING * * *
You block the seven-headed hydra's attack.
The seven-headed hydra bites you.
* * * LOW HITPOINT WARNING * * *
The seven-headed hydra barely misses you.
The seven-headed hydra bites you.
Okay, then.
Okay, then.
Your +0 long sword of holy wrath stops glowing.
Your +2 whip of flaming bursts into flame!
w - a +2 whip of flaming (weapon)
The seven-headed hydra bites you but does no damage. x2
The seven-headed hydra closely misses you.
The seven-headed hydra misses you.
The seven-headed hydra closely misses you.
The seven-headed hydra bites you!
* * * LOW HITPOINT WARNING * * *
The seven-headed hydra misses you.
It was a potion of mutation.
You feel extremely strange.
You feel nature experimenting on you.
Don't worry, failures die fast.
You feel weirdly uncertain.
You feel weaker.
The seven-headed hydra bites you but does no damage.
You block the seven-headed hydra's attack.
The seven-headed hydra bites you!
You die...
Kikubaaqudgha rasps: "You have failed me!
Welcome... death!"

######## ### ##
#.#..#.####.############.# #
##.##.(#..#....#≈≈≈≈≈≈≈.#.#.# ##
#.#...#......≈########.....#. .##
##.#....#(....≈≈≈≈≈≈≈≈u..#...
..####..#.#..#..@D≈≈≈≈≈≈≈≈u.....#
.###.....#..#†....≈≈≈≈≈≈≈≈≈......
..###)#.#.#.#.#...≈≈≈≈≈≈≈≈......[
####.#.....#......≈≈≈≈##≈u≈......
##.##..#.##.#....≈≈≈≈≈##≈≈.......
..###...#....#....≈≈≈≈≈≈≈≈≈...#..
..##.#....#...#...≈≈≈≈≈≈≈≈.......
..##..............≈≈≈≈≈≈≈≈..#....
..###............≈≈≈≈≈≈≈≈≈.......


You could see a seven-headed hydra.

Vanquished Creatures
  3 hydras
  2 two-headed ogres
  Nergalle (D:11)
  An ugly thing (D:11)
  Pikel (D:5)
  3 cyclopes (D:11)
  A yaktaur (D:11)
  A komodo dragon (D:11)
  5 trolls
  A queen bee (D:11)
  Grinder (D:6)
  A shadow (D:11)
  2 wraiths
  2 wyverns
  A vampire (D:11)
  11 yaks
  2 steam dragons
  An acid dragon (D:11)
  A water moccasin (D:7)
  5 orc warriors
  A sky beast (D:5)
  An ice beast (D:6)
  A hornet zombie (D:8)
  3 ogres
  4 centaurs
  A lemure (D:4)
  A phantom (D:4)
  3 bullfrogs
  Blork the orc (D:6)
  3 gnoll sergeants
  4 kobold brigands
  A scorpion (D:5)
  A wyvern zombie (D:8)
  30 killer bees
  12 wights
  5 howler monkeys
  4 crimson imps (D:8)
  3 centaur zombies
  A bullfrog zombie (D:6)
  8 hounds
  2 jellies
  3 gnoll shamans (D:7)
  A centaur skeleton (D:7)
  4 orc priests
  4 iguanas
  Jessica (D:2)
  A bullfrog skeleton (D:6)
  11 orc wizards
  A killer bee zombie (D:7)
  A hound skeleton (D:4)
  Robin (D:1)
  A howler monkey zombie (D:9)
  24 gnolls
  A howler monkey skeleton (D:5)
  6 adders
  A shadow imp (D:7)
  2 adder skeletons (D:4)
  A worm (D:2)
  2 dart slugs (D:2)
  40 orcs
  2 bats
  3 endoplasms
  2 giant cockroaches
  19 hobgoblins
  6 jackals
  3 quokkas
  4 ball pythons (D:1)
  A frilled lizard (D:1)
  12 goblins
  19 kobolds
  7 rats
320 creatures vanquished.

Vanquished Creatures (collateral kills)
  A gnoll sergeant (D:7)
1 creature vanquished.

Vanquished Creatures (others)
  45 plants
  6 withered plants (D:8)
51 creatures vanquished.

Grand Total: 372 creatures vanquished

Notes
Turn   | Place    | Note
-------+----------+-------------------------------------------
     0 | D:1      | Crownlay the Deep Dwarf Necromancer began the quest for the
                  | Orb.
     0 | D:1      | Reached XP level 1. HP: 15/15 MP: 3/3
   348 | D:1      | Reached XP level 2. HP: 16/22 MP: 1/4
   797 | D:1      | Reached skill level 5 in Necromancy
  1236 | D:2      | Reached XP level 3. HP: 26/28 MP: 6/6
  1241 | D:2      | Learned a level 3 spell: Vampiric Draining
  1399 | D:2      | Noticed Robin
  1542 | D:1      | Killed Robin
  1738 | D:2      | Noticed Jessica
  1745 | D:2      | Killed Jessica
  1746 | D:2      | Reached XP level 4. HP: 35/36 MP: 7/7
  1789 | D:2      | Learned a level 4 spell: Animate Dead
  2786 | D:3      | Found a faded altar of an unknown god.
  2814 | D:3      | Reached XP level 5. HP: 42/42 MP: 2/9
  4240 | D:4      | Noticed an ogre
  4377 | D:4      | Killed an ogre
  4378 | D:4      | Reached XP level 6. HP: 49/49 MP: 11/11
  4389 | D:4      | Found a staircase to the Ecumenical Temple.
  4404 | Temple   | Entered the Ecumenical Temple
  4468 | Temple   | Became a worshipper of Kikubaaqudgha
  4681 | D:4      | Reached skill level 1 in Evocations
  5082 | D:5      | Entered Level 5 of the Dungeon
  5202 | D:4      | Reached skill level 5 in Stealth
  5202 | D:4      | Reached XP level 7. HP: 40/55 MP: 3/13
  5378 | D:5      | Learned a level 1 spell: Sandblast
  5460 | D:5      | Noticed Pikel
  5471 | D:5      | Killed Pikel
  5472 | D:5      | Reached skill level 5 in Spellcasting
  5472 | D:5      | Reached skill level 5 in Earth Magic
  5472 | D:5      | Reached XP level 8. HP: 60/62 MP: 6/14
  5724 | D:5      | Reached skill level 6 in Earth Magic
  6186 | D:5      | Reached skill level 7 in Earth Magic
  6263 | D:6      | Noticed Grinder
  6273 | D:6      | Killed Grinder
  6274 | D:6      | Reached skill level 8 in Earth Magic
  6324 | D:6      | Noticed Blork the orc
  6330 | D:6      | Killed Blork the orc
  6545 | D:6      | Reached skill level 9 in Earth Magic
  7021 | D:7      | Reached * piety under Kikubaaqudgha
  7021 | D:7      | Received a gift from Kikubaaqudgha
  7022 | D:7      | Gained mutation: You passively map the area around you.
                  | [Deep Dwarf growth]
  7022 | D:7      | Reached XP level 9. HP: 57/68 MP: 17/17
  7032 | D:7      | Learned a level 5 spell: Lee's Rapid Deconstruction
  7471 | D:7      | Reached skill level 10 in Earth Magic
  7862 | D:7      | Reached ** piety under Kikubaaqudgha
  8151 | D:7      | Learned a level 3 spell: Stone Arrow
  8307 | D:7      | Reached skill level 11 in Earth Magic
  8312 | D:7      | Reached skill level 5 in Evocations
  8848 | D:8      | Found a shimmering altar of Xom.
  8876 | D:8      | Found Gekoir's Elemental Accessories.
  8884 | D:8      | Bought a wand of flame (22) for 144 gold pieces
  9221 | D:8      | Found a runed translucent gate.
  9222 | D:8      | Found a runed translucent gate.
  9223 | D:8      | Found a runed translucent gate.
  9238 | D:8      | Noticed othur's ghost (novice GrFi)
  9238 | D:8      | Noticed PanSaczeczos's ghost (novice VSCj)
  9262 | D:8      | Noticed a two-headed ogre
  9265 | D:8      | Reached XP level 10. HP: 44/75 MP: 18/18
  9376 | D:8      | Reached skill level 12 in Earth Magic
  9389 | D:8      | Killed a two-headed ogre
  9697 | D:8      | Reached skill level 13 in Earth Magic
 10237 | D:9      | Reached *** piety under Kikubaaqudgha
 10237 | D:9      | Received a gift from Kikubaaqudgha
 10294 | D:9      | You fall into a shaft and drop 1 floor!
 10294 | D:10     | Entered Level 10 of the Dungeon
 10797 | D:9      | Reached skill level 1 in Shields
 11152 | D:10     | Noticed an eight-headed hydra
 11157 | D:10     | Killed an eight-headed hydra
 11344 | D:10     | Reached skill level 14 in Earth Magic
 11344 | D:10     | Reached XP level 11. HP: 81/81 MP: 15/19
 12653 | D:11     | Noticed a seven-headed hydra
 12657 | D:11     | Killed a seven-headed hydra
 12697 | D:11     | Found a staircase to the Lair.
 12808 | D:11     | Found a staircase to the Orcish Mines.
 13148 | D:11     | Noticed a two-headed ogre
 13151 | D:11     | Killed a two-headed ogre
 13514 | D:11     | Reached **** piety under Kikubaaqudgha
 13865 | D:11     | Found Zin's Purification Station.
 13869 | D:11     | Noticed a white ugly thing
 13880 | D:11     | Killed a white ugly thing
 13881 | D:11     | Reached skill level 10 in Necromancy
 13985 | D:11     | Found a glowing silver altar of Zin.
 14458 | D:11     | Reached skill level 10 in Evocations
 14557 | D:10     | Learned a level 4 spell: Dispel Undead
 14630 | D:11     | Noticed Nergalle
 14633 | D:11     | Noticed a four-headed hydra
 14771 | D:11     | Killed Nergalle
 14940 | D:11     | Killed a four-headed hydra
 14941 | D:11     | Reached XP level 12. HP: 44/88 MP: 12/21
 16079 | D:11     | Noticed a seven-headed hydra
 16095 | D:11     | HP: 2/88 [seven-headed hydra (13)]
 16096 | D:11     | Gained mutation: You evolve. [potion of mutation]
 16096 | D:11     | Gained mutation: You are occasionally teleported next to
                  | monsters. [potion of mutation]
 16096 | D:11     | Gained mutation: You are weak. (Str -2) [potion of
                  | mutation]
 16096 | D:11     | Mangled by a seven-headed hydra

Illustrated notes

Levels and vault maps discovered:
D:1:      dpeg_arrival_snail, layout_basic
D:2:      layout_loops_ring, minmay_tetromino_o2, uniq_jessica, uniq_robin
D:3:      layout_loops_corners, hellmonk_ecumenical_altar_zigzags
D:4:      layout_basic, minmay_temple_entry_mist
D:5:      layout_loops_ring, uniq_pikel
D:6:      layout_cave_pools, uniq_blork_the_orc, uniq_grinder
D:7:      kennysheep_housing_project, layout_gridville,
          kennysheep_generic_room_8
D:8:      layout_loops_ring, led_xom_imps, gammafunk_ghost_cemetery,
          minivault_11, grunt_decor_arrowhead, nicolae_elemental_shop,
          st_stairs_4
D:9:      layout_roguey, lemuel_flamethrower_1
D:10:     layout_stronghold
D:11:     regret_index_harrowing_hell_hive, layout_loops_cross,
          david_lair_shrubbed, david_orc_2, chequers_serial_rivers_micro_b,
          zin_purify, uniq_nergalle
Temple:   compressed_dpeg_circular_temple

Skill      XL: |  1  2  3  4  5  6  7  8  9 10 11 12 |
---------------+-------------------------------------+-----
Stealth        | 3 4 5 |  5.0
Spellcasting   | 2 3 4 5 6 8 |  8.0
Necromancy     | 5 6 8 9 11 12 | 12.2
Evocations     | 2 6 7 10 | 10.0
Earth Magic    | 5 9 11 14 | 14.0
Shields        | 3 4 |  4.0
Dodging        | |  2.1

Action                   |  1- 3 |  4- 6 |  7- 9 | 10-12 || total
-------------------------+-------+-------+-------+-------++-------
Melee: Dagger            |    83 |       |       |       ||    83
       Unarmed           |     3 |     5 |       |       ||     8
       Short sword       |       |    94 |    52 |       ||   146
       Whip              |       |       |     7 |    33 ||    40
       Long sword        |       |       |    11 |    31 ||    42
 Fire: Hunting sling     |    19 |    25 |       |       ||    44
Throw: Dart              |     4 |    12 |       |     1 ||    17
       Throwing net      |       |     1 |       |       ||     1
 Cast: Pain              |    25 |     6 |       |     1 ||    32
       Vampiric Draining |     7 |    43 |    52 |   161 ||   263
       Animate Dead      |       |     1 |     1 |     2 ||     4
       Sandblast         |       |       |   116 |   113 ||   229
       Stone Arrow       |       |       |     7 |    47 ||    54
       Lee's Rapid Decon |       |       |     4 |    10 ||    14
 Abil: Heal Wounds       |     2 |       |     2 |     3 ||     7
Evoke: Wand              |       |       |     3 |       ||     3
  Use: Scroll            |       |     4 |     3 |     5 ||    12
       Potion            |       |       |       |     2 ||     2
 Stab: Sleeping          |     1 |     2 |     2 |       ||     5
Armor: Robe              |    31 |    49 |    47 |       ||   127
       Steam dragon scal |       |       |       |    98 ||    98
Dodge: Dodged            |    84 |    72 |    88 |   268 ||   512
Block: Buckler           |       |       |       |    61 ||    61
       Rpst.: Long sword |       |       |    13 |    31 ||    44
